Map: Catalyst LE

Players

CinDra

  • Race: Zerg Zerg
  • League: Gold
  • Spawn Location: 11:00

YoGoldorak - Winner!

  • Race: Zerg Zerg
  • League: Gold
  • Spawn Location: 5:00

VOD

Have the link to the VOD?

Description

Time

  • Played on: March 12, 2018, 6:12 p.m.
  • Length: 3:45
Show
View Real Time Build Order
Export as new Build Order

CinDra Zerg 

Build Orders: Hatch First 

Get SALT Encoding   

  12  0:00  Drone  
  13  0:12  Overlord  
  13  0:17  Drone  
  14  0:31  Drone x2  
  14  0:34  Drone  
  17  0:56  Drone  
  18  0:57  Hatchery  
  17  1:04  Extractor  
  16  1:13  Spawning Pool  
  16  1:17  Drone  
  16  1:20  Drone  
  16  1:24  Drone  
  18  1:28  Drone  
  19  1:39  Overlord  
  19  1:49  Drone  
  20  2:04  Queen  
  20  2:08  Zergling x2  
  23  2:10  Zergling x2  
  23  2:11  Zergling x2  
  25  2:20  Zergling x2  
  9  2:53  Drone x6  
  12  3:07  Drone x2  
  13  3:15  Drone  
  16  3:29  Drone x2  
Show
View Real Time Build Order
Export as new Build Order

YoGoldorak Zerg - Winner!

Build Orders: Pool Only 

Get SALT Encoding   

  12  0:07  Extractor  
  11  0:24  Spawning Pool  
  11  0:25  Drone  
  11  0:38  Overlord  
  11  1:11  Zergling x6, Metabolic Boost  
  14  1:22  Zergling x2  
  15  1:29  Baneling Nest  
  14  1:35  Zergling x2  
  15  1:45  Zergling x2  
  16  1:54  Zergling x2  
  17  2:05  Zergling x2  
  18  2:14  Baneling  
  18  2:15  Baneling  
  18  2:16  Zergling x2  
  18  2:22  Baneling x2  
  19  2:27  Zergling x2  
  13  2:55  Zergling x4  
  13  2:57  Queen  
  16  3:09  Zergling x2  
  16  3:11  Zergling x2  
  17  3:15  Baneling x2  
  17  3:21  Zergling x2  
Tags
 
League
GoldGold
Matchup
ZvZ
Race
Zerg
Spawn Locations
Cross Positions
Add a new tag
Caveats
  • Supply blocks, unpowered buildings, or Contaminate may cause inaccurate times.
  • Supply counts are checked every 10 seconds.